 Dungeon Crawl Stone Soup version 0.29.1-1-gd02db6906a (webtiles) character file.

Game seed: 10714718800624148388

130 groovy9 the Chopper (level 4, -1/36 (39) HPs)
             Began as a Minotaur Fighter on Sept 28, 2022.
             Slain by Crazy Yiuf
             ... wielding a +2 quarterstaff of chaos
              (3 damage)
             ... on level 3 of the Dungeon.
             The game lasted 00:03:57 (2483 turns).

groovy9 the Chopper (Minotaur Fighter)              Turns: 2483, Time: 00:03:57

HP:   -1/36 (39)    AC:  6    Str: 23    XL:     4   Next: 89%
MP:   3/3           EV:  9    Int:  5    God:
Gold: 133           SH:  4    Dex:  9    Spells: 3/3 levels left

rFire   . . .      SeeInvis .   a - +0 war axe
rCold   . . .      Faith    .   c - +0 buckler
rNeg    . . .      Spirit   .   b - +0 scale mail
rPois   .          Reflect  .   (helmet restricted)
rElec   .          Harm     .   f - scarf {shadows}
rCorr   .          Rampage  .   (no gloves)
Will    .....                   (no boots)
Stlth   ..........              (no amulet)
HPRegen 0.12/turn               (no ring)
MPRegen 0.08/turn               (no ring)

@: mighty, drained
A: horns 2, retaliatory headbutt
a: no special abilities


You were on level 3 of the Dungeon.
You visited 1 branch of the dungeon, and saw 3 of its levels.

You collected 133 gold pieces.

Inventory:

Hand Weapons
 a - a +0 war axe (weapon)
Armour
 b - a +0 scale mail (worn)
 c - a +0 buckler (worn)
 f - a scarf of shadows (worn)
Magical Staves
 i - a staff of earth
Jewellery
 m - an amulet of the acrobat
Scrolls
 e - a scroll of noise {unknown}
 k - a scroll of vulnerability {unknown}
 l - 3 scrolls of identify {unknown}
 n - a scroll of immolation {unknown}
 o - a scroll of amnesia {unknown}
 q - 3 scrolls of enchant armour {unknown}
Potions
 g - 2 potions of heal wounds {unknown}
 h - a potion of mutation {unknown}
 j - a potion of flight {unknown}
 p - a potion of brilliance {unknown}


   Skills:
 - Level 3.6 Fighting
 + Level 6.2 Axes
 - Level 3.6 Armour
 - Level 3.6 Shields


You had 3 spell levels left.
You didn't know any spells.
Your spell library contained the following spells:

 Spells                   Type           Power      Damage    Failure   Level
 Beastly Appendage        Tmut           0%         N/A       86%         1
 Magic Dart               Conj           0%         1d3       86%         1
 Call Imp                 Summ           0%         N/A       95%         2
 Wereblood                Tmut           0%         N/A       95%         2
 Call Canine Familiar     Summ           0%         N/A       99%         3
 Mephitic Cloud           Conj/Pois/Air  0%         N/A       99%         3
 Portal Projectile        Hex/Tloc       0%         N/A       99%         3
 Spider Form              Tmut/Pois      0%         N/A       99%         3
 Leda's Liquefaction      Hex/Erth       0%         N/A       100%        4
 Petrify                  Tmut/Erth      0%         N/A       100%        4
 Metabolic Englaciation   Hex/Ice        0%         N/A       100%        5
 Statue Form              Tmut/Erth      0%         N/A       100%        6


Dungeon Overview and Level Annotations

Branches:
Dungeon (3/15)

Altars:

Portals:
Abyss: D:3

Annotations:
D:3 2 transporters, Crazy Yiuf; avis's ghost, amateur DgIE


Innate Abilities, Weirdness & Mutations

You have a pair of horns on your head.
You reflexively headbutt those who attack you in melee.


Message History

No target in view!
No target in view!
No target in view!
No target in view!
No target in view!
No target in view!
No target in view!
No target in view!
No target in view!
You see here a bat corpse.
q - 3 scrolls labelled ACRANEC BUMUXO Crazy Yiuf screams, "Whippet!"
Crazy Yiuf says, "Two eyeball sanguine!"
There is a stone staircase leading down here.
Found a stone staircase leading up.
Crazy Yiuf shouts!
Crazy Yiuf yells, "Peeping spinner sing!"
Crazy Yiuf whimpers, "Cholesterol!
Spliff rumpyflump fast."
Press: ? - help, v - describe, . - travel
Here: Crazy Yiuf, wielding a +2 quarterstaff of chaos and wearing a +0 cloak (fire blocked by a runed translucent door)
The floor.
Okay, then.
No reachable target in view!
You open the door. You barely miss Crazy Yiuf.
Crazy Yiuf hits you with a +2 quarterstaff of chaos.
You feel drained.
You barely miss Crazy Yiuf. You headbutt Crazy Yiuf.
Crazy Yiuf is moderately wounded.
Crazy Yiuf says, "Whiteboard shoe snockshim!"
Crazy Yiuf hits you with a +2 quarterstaff of chaos!
Crazy Yiuf draws strength from your wounds!
You feel very mighty all of a sudden. Crazy Yiuf barely misses you.
You closely miss Crazy Yiuf.
Crazy Yiuf is lightly wounded.
Crazy Yiuf hits you with a +2 quarterstaff of chaos!
* * * LOW HITPOINT WARNING * * *
You feel drained.
You die...

####.# .....#
#########
........#
...####.# ...#
#.##♣♣♣♣♣ ...#
#..#..♣.♣♣♣ ###
...#
##......♣..♣#...#
...#
#......♣♣♣♣@g...#
...# #...#.♣♣
♣♣#..)# )..#
#..##♣♣ ### ...#
##.# ...# #.#
#### #.#
#######.#
........#
#########


You could see Crazy Yiuf.

Vanquished Creatures
  4 gnolls (D:3)
  3 adders
  A worm (D:2)
  2 dart slugs
  An orc (D:2)
  2 ball pythons (D:1)
  6 endoplasms
  4 giant cockroaches
  4 goblins
  9 hobgoblins
  2 jackals (D:2)
  A quokka (D:1)
  5 bats
  4 frilled lizards (D:1)
  3 kobolds
  2 rats
53 creatures vanquished.

Notes
Turn   | Place    | Note
-------+----------+-------------------------------------------
     0 | D:1      | groovy9 the Minotaur Fighter began the quest for the Orb.
     0 | D:1      | Reached XP level 1. HP: 19/19 MP: 0/0
    74 | D:1      | Reached skill level 3 in Axes
   110 | D:1      | Reached XP level 2. HP: 23/26 MP: 1/1
   352 | D:1      | Reached skill level 4 in Axes
   552 | D:1      | Reached XP level 3. HP: 31/31 MP: 2/2
  1145 | D:2      | Reached skill level 5 in Axes
  1374 | D:2      | Reached XP level 4. HP: 35/39 MP: 3/3
  1883 | D:3      | Found a transporter.
  1893 | D:3      | Reached skill level 6 in Axes
  2015 | D:3      | Noticed a kobold brigand
  2017 | D:3      | Found a one-way gate to the infinite horrors of the Abyss.
  2017 | D:3      | Noticed avis's ghost (amateur DgIE)
  2050 | D:3      | Found a transporter.
  2147 | D:3      | Noticed a small abomination
  2358 | D:3      | Found a runed translucent door.
  2359 | D:3      | Noticed Crazy Yiuf
  2483 | D:3      | Slain by Crazy Yiuf

Illustrated notes

Levels and vault maps discovered:
D:1:      dpeg_arrival_arbitrary_b, layout_rooms, minmay_liquid_box
D:2:      layout_loops_corners
D:3:      layout_basic, gammafunk_ghost_abyssal_escape, uniq_crazy_yiuf_cottage

Skill      XL: |  1  2  3  4 |
---------------+-------------+-----
Axes           | 3 4 5 6 |  6.2
Fighting       | |  3.6
Armour         | |  3.6
Shields        | |  3.6

Action                   |  1- 3 |  4- 6 || total
-------------------------+-------+-------++-------
Melee: War axe           |    96 |    34 ||   130
       Headbutt          |    11 |     7 ||    18
  Use: Potion            |       |     1 ||     1
Armor: Scale mail        |    43 |    17 ||    60
Dodge: Dodged            |    45 |    15 ||    60
Block: Buckler           |    13 |     7 ||    20
